 Dungeon Crawl Stone Soup version 0.18-a0-1088-g34ef3a2 (webtiles) character file.

93 Ijustatesigmund the Distorting Demonspawn (level 4, 0/52 HPs)
             Began as a Demonspawn Abyssal Knight on Jan 15, 2016.
             Was a Believer of Lugonu.
             Succumbed to an adder's poison
             ... on level 2 of the Dungeon.
             The game lasted 00:04:35 (2047 turns).

Ijustatesigmund the Distorting Demonspawn (DsAK)    Turns: 2047, Time: 00:04:35

Health: 0/52       AC: 24    Str: 12    XL:     4   Next: 36%
Magic:  6/6        EV:  2    Int: 14    God:    Lugonu [**....]
Gold:   21         SH:  0    Dex: 13    Spells: 0 memorised, 3 levels left

rFire  . . .     SeeInvis .     a - +2 mace
rCold  + . .     Gourm    .     (armour currently unavailable)
rNeg   + + +     Faith    .     (no shield)
rPois  +         Spirit   .     (helmet currently unavailable)
rElec  .         Dismiss  .     (cloak currently unavailable)
rCorr  .         Reflect  .     (gloves currently unavailable)
SustAt .         Harm     .     (boots currently unavailable)
MR     .....     NoTele   +     (no amulet)
Stlth  +.........               l - ring of protection from cold
                                i - +2 ring of protection

@: lethally poisoned (0 -> -2), tree-form (expiring), not resistant to hostile
enchantments, very unstealthy
A: (hooves 0), (horns 0)
a: Depart the Abyss, Bend Space, Renounce Religion


You were on level 2 of the Dungeon.
You worshipped Lugonu.
Lugonu was pleased with you.
You were not hungry.
You were a tree.
You visited 1 branch of the dungeon, and saw 3 of its levels.
You visited the Abyss 1 time.

You collected 21 gold pieces.

Inventory:

Hand Weapons
 a - a +2 mace (weapon)
Armour
 b - a +0 leather armour (melded)
Jewellery
 i - a +2 ring of protection (left branch)
 l - a ring of protection from cold (right branch)
Scrolls
 e - a scroll of enchant weapon
 f - a scroll of random uselessness
Comestibles
 c - 2 bread rations


   Skills:
 + Level 3.5 Fighting
 * Level 3.2 Maces & Flails
 - Level 1.7 Armour
 - Level 0.8 Dodging
 + Level 3.7 Invocations


You had 3 spell levels left.
You didn't know any spells.

Dungeon Overview and Level Annotations

Branches:
Dungeon (3/15)

Altars:
Ashenzari
Qazlal


Innate Abilities, Weirdness & Mutations

((You have large cloven feet.))
((You have a pair of small horns on your head.))


Message History

* * * LOW HITPOINT WARNING * * *
You feel sick.
Your transformation is almost over.
* * * LOW HITPOINT WARNING * * *
You feel sick.
You hit the adder.
The adder is moderately wounded.
* * * LOW HITPOINT WARNING * * *
You feel sick. The adder bites you but does no damage.
You closely miss the adder.
The adder is moderately wounded.
The adder bites you but does no damage. x2
You miss the adder.
The adder is moderately wounded.
The adder bites you.
* * * LOW HITPOINT WARNING * * *
The adder bites you but does no damage.
You miss the adder.
The adder is moderately wounded.
You die...

.......(...'...........#.#.......
....#......#########.....###..#.#
.......##### #####.....# #..#..
.....(.# #.........# #..###
#......# #.######### #.....
#......# #.# #.#### #...)..## #.#
#.# #.......# #.# #.# #.......#
#♣# #.# ........# #S# #.#
.....)..# #.# #.# .......## #..
#.# .....>.# #?. #.# .......#
#... #.# .......# +... #.#
#..##### #...# #.# ...## #.#


You could see an adder.

Vanquished Creatures
  5 adders
  An ooze (D:2)
  A worm (D:2)
  A giant gecko (D:2)
  A giant cockroach (D:2)
  6 goblins
  7 hobgoblins
  3 jackals (D:2)
  8 kobolds
  A ball python (D:1)
  4 bats
  A giant newt (D:1)
39 creatures vanquished.

Notes
Turn   | Place    | Note
--------------------------------------------------------------
     0 | Abyss:1  | Ijustatesigmund the Demonspawn Abyssal Knight began the quest for the Orb.
     0 | Abyss:1  | Reached XP level 1. HP: 18/18 MP: 2/2
     7 | D:1      | Escaped the Abyss
   335 | D:1      | Gained mutation: You have a pair of small horns on your head. [demonic ancestry]
   335 | D:1      | Reached XP level 2. HP: 24/24 MP: 4/4
   413 | D:2      | Found a shattered altar of Ashenzari.
   436 | D:2      | Reached XP level 3. HP: 9/29 MP: 5/5
   788 | D:2      | Found a stormy altar of Qazlal.
   825 | D:2      | Reached ** piety under Lugonu
  1506 | D:3      | Gained mutation: You have large cloven feet. [demonic ancestry]
  1506 | D:3      | Reached XP level 4. HP: 35/35 MP: 6/6
  2041 | D:2      | HP: 2/52 [poisoned by an adder]
  2046 | D:2      | HP: 1/52 [adder (1)]
  2047 | D:2      | Succumbed to an adder's poison

Vault maps used:
D:1:      saegor_arrival_miasma, minmay_box_of_dots
D:2:      kennysheep_six_static_rooms, lemuel_crystal_altar, old_standard_altar,
          st_stairs_6, fountainhead
D:3:      first_bread, minivault_5, hangedman_decor_opposing

Action                   |  1- 3 |  4- 6 || total
-------------------------+-------+-------++-------
Melee: Mace              |    84 |    42 ||   126
Invok: Bend Space        |       |     1 ||     1
  Use: Scroll            |     5 |     1 ||     6
       Potion            |     1 |     1 ||     2
  Eat: Chunk             |     1 |       ||     1
       Bread ration      |       |     1 ||     1
